Map: Blackpink LE

Players

Infamous

  • Race: Zerg Zerg
  • League: Silver
  • Spawn Location: 1:00

Red - Winner!

  • Race: Zerg Zerg
  • Spawn Location: 7:00

VOD

Have the link to the VOD?

Description

Time

  • Played on: March 20, 2018, 2:53 p.m.
  • Length: 6:18
Show
View Real Time Build Order
Export as new Build Order

Infamous Zerg 

Build Orders: Pool First 

Get SALT Encoding   

  12  0:01  Drone  
  13  0:11  Drone  
  14  0:17  Overlord  
  14  0:36  Drone x2  
  16  0:45  Drone  
  17  0:51  Spawning Pool  
  16  1:14  Drone x2  
  18  1:25  Hatchery  
  17  1:30  Drone  
  17  1:31  Drone  
  19  1:35  Extractor  
  19  1:37  Queen  
  20  1:45  Zergling x2  
  21  2:02  Drone  
  21  2:03  Overlord  
  23  2:30  Drone x2  
  24  2:41  Drone x3  
  27  2:52  Queen  
  28  3:02  Zergling x6  
  28  3:03  Zergling x4  
  33  3:14  Spine Crawler  
  30  3:20  Queen  
  30  3:25  Drone x2  
  31  3:28  Queen  
  32  3:37  Zergling x6  
  34  3:55  Overlord  
  34  3:56  Overlord  
  34  4:16  Overlord  
  34  4:17  Drone x6  
  36  4:33  Zergling x10  
  30  4:59  Zergling x4  
  28  5:00  Zergling x8  
  29  5:13  Drone  
  28  5:15  Drone x4  
  28  5:16  Queen  
  28  5:18  Queen  
  36  5:27  Drone x2  
  34  5:38  Zergling x4  
Show
View Real Time Build Order
Export as new Build Order

Red Zerg - Winner!

Build Orders: Pool First 

Get SALT Encoding   

  12  0:02  Drone  
  13  0:12  Drone  
  14  0:17  Overlord  
  14  0:26  Overlord  
  14  0:33  Extractor, Drone  
  14  0:41  Drone  
  15  0:49  Drone  
  16  0:58  Spawning Pool  
  16  1:00  Drone  
  16  1:09  Drone  
  17  1:20  Drone  
  18  1:29  Drone  
  19  1:34  Extractor  
  18  1:40  Overlord  
  18  1:44  Metabolic Boost  
  18  1:56  Zergling x2  
  19  2:04  Drone  
  19  2:08  Queen  
  22  2:17  Zergling x2  
  23  2:25  Zergling x2  
  25  2:37  Zergling x2  
  25  2:49  Drone  
  26  2:52  Spore Crawler  
  24  3:02  Zergling x2  
  25  3:11  Zergling x2  
  25  3:12  Lair  
  26  3:20  Spine Crawler  
  22  3:39  Zergling x6  
  22  3:40  Zergling x2  
  25  3:54  Zergling x2, Roach Warren  
  25  4:05  Zergling x2  
  25  4:06  Hatchery  
  25  4:11  Zergling x2  
  25  4:17  Zergling x6  
  29  4:30  Zergling x2  
  29  4:42  Roach  
  26  5:02  Zergling x2  
  26  5:03  Zergling x4  
  28  5:22  Zergling x4  
  25  5:40  Zergling x8  
  29  5:46  Drone x2  
  29  5:47  Drone  
  34  5:58  Zergling x4  
Tags
 
League
Silver
Matchup
ZvZ
Race
Zerg
Replay Pack
Last Remnant (2)
Spawn Locations
Cross Positions
Add a new tag
Caveats
  • Supply blocks, unpowered buildings, or Contaminate may cause inaccurate times.
  • Supply counts are checked every 10 seconds.